 Dungeon Crawl Stone Soup version 0.31.0-11-ge490571c62 (webtiles) character file.

Game seed: 1720802706611282806

201 qw the Ducker (level 5, -16/26 HPs)
             Began as a Spriggan Hunter on Feb 3, 2024.
             Demolished by an ogre
             ... wielding a +0 giant spiked club
              (28 damage)
             ... on level 4 of the Dungeon.
             The game lasted 00:00:09 (2258 turns).

qw the Ducker (Spriggan Hunter)                     Turns: 2258, Time: 00:00:09

Health: -16/26     AC:  2    Str:  7    XL:     5   Next: 50%
Magic:  6/6        EV: 21    Int: 10    God:
Gold:   180        SH:  0    Dex: 21    Spells: 4/4 levels left

rFire   . . .        a - +0 shortbow
rCold   . . .        (shield currently unavailable)
rNeg    . . .        c - +0 robe
rPois   .            (helmet restricted)
rElec   .            (no cloak)
rCorr   .            (gloves unavailable)
SInv    +            (boots unavailable)
Will    .....        (no amulet)
Stlth   ++           (no ring)
HPRegen 0.24/turn    (no ring)
MPRegen 0.10/turn

%: no passive effects
@: very quick
A: very small, no large weapons, unfitting armour, see invisible, speed 3
a: no special abilities


You were on level 4 of the Dungeon.
You visited 1 branch of the dungeon, and saw 4 of its levels.

You collected 180 gold pieces.


Innate Abilities, Weirdness & Mutations

You are very small and have problems with some larger weapons.
You are too small for most types of armour.
You have supernaturally acute eyesight. (SInv)
You cover ground extremely quickly. (Speed+++)


   Skills:
 - Level 2.3 Fighting
 + Level 5.3 Ranged Weapons
 - Level 5.4 Dodging
 - Level 1.5 Stealth


You had 4 spell levels left.
You didn't know any spells.
Your spell library was empty.

Inventory:

Hand Weapons
 a - a +0 shortbow (weapon)
Armour
 c - a +0 robe (worn)
Jewellery
 f - a +6 ring of intelligence
 h - a ring of willpower
Potions
 b - a potion of curing {unknown}
 d - a potion of mutation {unknown}
 e - a potion of enlightenment {unknown}
 g - a potion of heal wounds {unknown}

Dungeon Overview and Level Annotations

Branches:
Dungeon (4/15)
 Temple: D:4-7

Altars:
Ashenzari
Dithmenos
Fedhas
Gozag
Makhleb
Uskayaw
The Shining One

Shops:
D:3 [(((

Annotations:
D:3 2 transporters
D:4 Eustachio, Natasha


Message History

Enter note:
2246 ||| RETREEEEATING.
You shoot an arrow. The arrow barely misses the bat.
The bat misses you.
A hobgoblin comes into view.
2248 ||| RETREEEEATING.
The bat attacks as it pursues you! The bat misses you.
Enter note:
2249 ||| RETREEEEATING.
The bat hits you.
Enter note:
2250 ||| RETREEEEATING.
Enter note:
2251 ||| RETREEEEATING.
Enter note:
2252 ||| RETREEEEATING.
You shoot an arrow. The arrow closely misses the bat.
The arrow hits the ogre!
The ogre is moderately wounded.
The bat completely misses you. The bat hits you but does no damage.
The ogre misses you.
Enter note:
2254 ||| RETREEEEATING.
Enter note:
2255 ||| RETREEEEATING.
You shoot an arrow. The arrow hits the bat.
You kill the bat!
The bat's corpse disappears in a puff of smoke!
Natasha stares at you and mumbles some strange words.
The magic dart hits you!
You shoot an arrow. The arrow hits the ogre!
The ogre is heavily wounded.
Natasha wildly gestures.
Natasha glows brightly for a moment.
Eustachio gestures wildly while chanting.
Eustachio blinks!
You shoot an arrow. The arrow closely misses the ogre.
The arrow hits the hobgoblin but does no damage.
The ogre hits you with a +0 giant spiked club!!
Ouch! That really hurt!
You die...

#.....# #...(.#####
#.......... ..
#..<...### ..##
#........#### ...#
#.....##....######...
#.....#####.....@.#
#.....# ####......#
.......
#########.@Og5....#
.......
#......##..¤...###......
#.##########h....#...<..
#.# ###r#........ #.#
#>###...... #.#
#...#r..... ##.#
###.#¤).... #..#
#.).5#... #.## ####5####


You could see Eustachio, an ogre, Natasha, a white imp (summoned), a quokka
(summoned) and a hobgoblin.

Vanquished Creatures
  A phantom (D:4)
  A hound (D:4)
  An iguana (D:3)
  2 adders
  A ribbon worm (D:2)
  3 orcs
  8 ball pythons
  3 bats
  2 endoplasms (D:1)
  4 giant cockroaches
  7 goblins
  4 hobgoblins
  2 jackals (D:3)
  A quokka (D:3)
  2 frilled lizards
  4 kobolds
  9 rats
55 creatures vanquished.

Notes
Turn   | Place    | Note
-------+----------+-------------------------------------------
     0 | D:1      | qw the Spriggan Hunter began the quest for the Orb.
     0 | D:1      | Reached XP level 1. HP: 10/10 MP: 2/2
     0 | D:1      | 0 ||| qw: Version: 0.3-a-158-g18b3111
     0 | D:1      | 0 ||| qw: Game counter: 4178
     0 | D:1      | 0 ||| qw: Melee chars always use a shield: true
     0 | D:1      | 0 ||| qw: God list: Okawaru
     0 | D:1      | 0 ||| qw: Allow faded altars: false
     0 | D:1      | 0 ||| qw: Do Orc after clearing Dungeon:15 true
     0 | D:1      | 0 ||| qw: Do second Lair branch before Depths: true
     0 | D:1      | 0 ||| qw: Lair rune preference: random
     0 | D:1      | 0 ||| qw: Goals: Normal
     0 | D:1      | 0 ||| PLANNING D:1-11
    85 | D:1      | Reached skill level 3 in Dodging
   135 | D:1      | Reached XP level 2. HP: 14/14 MP: 3/3
   647 | D:1      | 647 ||| READING scroll labelled WOBIR SEZA.
   648 | D:1      | 648 ||| DROPPING scroll of butterflies.
   743 | D:2      | Found an opulent altar of Gozag.
  1290 | D:2      | Reached XP level 3. HP: 6/18 MP: 4/4
  1447 | D:3      | Found a transporter.
  1447 | D:3      | Found Bafeve Vuur's Weapon Boutique.
  1477 | D:3      | Found Yzeacwea's Antique Weapon Shoppe.
  1523 | D:3      | 1523 ||| FLEEEEING.
  1524 | D:3      | 1524 ||| FLEEEEING.
  1525 | D:3      | 1525 ||| FLEEEEING.
  1526 | D:3      | 1526 ||| FLEEEEING.
  1527 | D:3      | 1527 ||| FLEEEEING.
  1611 | D:3      | Found a transporter.
  1745 | D:3      | Found a broken altar of Ashenzari.
  1746 | D:3      | Found a glowing golden altar of the Shining One.
  1748 | D:3      | Found a hide-covered altar of Uskayaw.
  1748 | D:3      | Found a blossoming altar of Fedhas.
  1750 | D:3      | Found a shadowy altar of Dithmenos.
  1751 | D:3      | Found a burning altar of Makhleb.
  1779 | D:3      | Found a faded altar of an unknown god.
  1827 | D:3      | Found Nuugug's Antique Weapon Boutique.
  1903 | D:3      | Found Ruridoz's Antique Armour Emporium.
  1991 | D:3      | 1991 ||| READING scroll labelled HIUNUWK TOLOAPH.
  2001 | D:4      | Noticed a phantom
  2002 | D:4      | 2002 ||| STAIRDANCE
  2008 | D:3      | Reached XP level 4. HP: 12/22 MP: 5/5
  2057 | D:4      | Killed a phantom
  2058 | D:4      | Reached XP level 5. HP: 11/25 MP: 6/6
  2221 | D:4      | Noticed Eustachio
  2229 | D:4      | Noticed Natasha
  2230 | D:4      | 2230 ||| RETREEEEATING.
  2234 | D:4      | 2234 ||| RETREEEEATING.
  2235 | D:4      | 2235 ||| RETREEEEATING.
  2244 | D:4      | 2244 ||| RETREEEEATING.
  2245 | D:4      | 2245 ||| RETREEEEATING.
  2245 | D:4      | Noticed an ogre
  2246 | D:4      | 2246 ||| RETREEEEATING.
  2248 | D:4      | 2248 ||| RETREEEEATING.
  2249 | D:4      | 2249 ||| RETREEEEATING.
  2250 | D:4      | 2250 ||| RETREEEEATING.
  2251 | D:4      | 2251 ||| RETREEEEATING.
  2252 | D:4      | 2252 ||| RETREEEEATING.
  2254 | D:4      | 2254 ||| RETREEEEATING.
  2255 | D:4      | 2255 ||| RETREEEEATING.
  2258 | D:4      | Demolished by an ogre

Levels and vault maps discovered:
D:1:      dpeg_arrival_connections, layout_basic
D:2:      layout_loops_ring, basic_altar
D:3:      layout_basic, grunt_temple_overflow_open,
          hellmonk_ecumenical_altar_leap_of_faith, serial_shops, shop,
          nicolae_shop_drivethru, nicolae_square_shop,
          nicolae_shop_advertising_works [nicolae_subvault_shop_adworks],
          mrwooster_statue_mirror, st_stairs_10, minmay_shallow_snake_nest
D:4:      layout_rooms, kennysheep_ying_yang, uniq_eustachio, uniq_duvessa,
          uniq_natasha

Skill      XL: |  1  2  3  4  5 |
---------------+----------------+-----
Dodging        | 3 4 5 |  5.4
Ranged Weapons | 5 |  5.3
Fighting       | 2 |  2.3
Stealth        | |  1.5

Action                     |  1- 3 |  4- 6 || total
---------------------------+-------+-------++-------
   Fire: Shortbow          |   124 |    54 ||   178
    Use: Scroll            |     2 |       ||     2
 Armour: Robe              |    14 |    22 ||    36
  Dodge: Dodged            |    53 |    34 ||    87

Table legend:
 A = Non-vault XP
 B = Vault XP
 C = Vault XP percentage of total XP
 D = Non-vault monster count
 E = Vault monster count
 F = Vault count percentage of total count
                 A         B        C        D         E       F
            +---------+---------+-------+---------+---------+-------
      Total |     268 |      20 |   6.9 |      50 |       5 |   9.1
            +---------+---------+-------+---------+---------+-------
        D:1 |      30 |       0 |   0.0 |      19 |       0 |   0.0
        D:2 |      11 |       0 |   0.0 |       6 |       0 |   0.0
        D:3 |      57 |      20 |  26.0 |      15 |       5 |  25.0
        D:4 |     170 |       0 |   0.0 |      10 |       0 |   0.0
            +---------+---------+-------+---------+---------+-------
